 Dungeon Crawl Stone Soup version 0.27-a0-1290-g15d3ce7508 (webtiles) character file.

Game seed: 1802768123176724036

74 HAL9000 the Poker (level 4, -1/35 HPs)
             Began as a Palentonga Warper on June 15, 2021.
             Slain by an orc (3 damage)
             ... on level 3 of the Dungeon.
             The game lasted 00:02:29 (2097 turns).

HAL9000 the Poker (Palentonga Warper)               Turns: 2097, Time: 00:02:30

Health: -1/35      AC:  4    Str: 16    XL:     4   Next: 9%
Magic:  7/7        EV:  9    Int: 13    God:
Gold:   67         SH:  0    Dex:  9    Spells: 5/7 levels left

rFire    . . .     SeeInvis +   a - +0 spear
rCold    . . .     Faith    .   (no shield)
rNeg     . . .     Spirit   .   b - +0 leather armour
rPois    .         Reflect  .   (no helmet)
rElec    .         Harm     .   (no cloak)
rCorr    .         Rampage  .   (no gloves)
Will     .....                  (no barding)
Stlth    +.........             (no amulet)
HPRegen  0.11/turn              (no ring)
MPRegen  0.10/turn              (no ring)

@: lethally poisoned (-1 -> -4)
A: large, rugged brown scales 3, see invisible, deformed body, roll 1, armoured
tail
a: Rolling Charge


You were on level 3 of the Dungeon.
You visited 1 branch of the dungeon, and saw 3 of its levels.

You collected 67 gold pieces.

Inventory:

Hand Weapons
 a - a +0 spear (weapon)
Missiles
 c - 2 javelins
 e - 5 boomerangs of dispersal (quivered)
 j - 6 curare-tipped darts
Armour
 b - a +0 leather armour (worn)
Jewellery
 f - a +4 ring of slaying
Scrolls
 d - a scroll of blinking
 g - a scroll of identify
 k - a scroll of teleportation {unknown}
Potions
 i - a potion of magic


   Skills:
 - Level 2.0 Fighting
 + Level 4.0 Polearms
 - Level 0.6 Throwing
 - Level 0.7 Armour
 - Level 1.5 Dodging
 - Level 2.0 Spellcasting
 - Level 3.0 Translocations


You had 5 spell levels left.
You knew the following spells:

 Your Spells              Type           Power      Damage    Failure   Level
a - Blink                 Tloc           N/A        N/A       14%         2

Your spell library contained the following spells:

 Spells                   Type           Power      Damage    Failure   Level
 Gell's Gravitas          Tloc           4%         N/A       26%         3
 Lesser Beckoning         Tloc           4%         N/A       26%         3
 Teleport Other           Tloc           9%         N/A       26%         3
 Manifold Assault         Tloc           9%         N/A       94%         5


Dungeon Overview and Level Annotations

Branches:
Dungeon (3/15)

Altars:


Innate Abilities, Weirdness & Mutations

You are completely covered in rugged brown scales. (AC +3, +7% HP)
You have supernaturally acute eyesight. (SInv)
Armour fits poorly on your strangely shaped body.
You can roll at nearby foes to attack.
You have a long armoured tail.


Message History

You are too injured to fight recklessly!
You are too injured to fight recklessly!
You hit the adder but do no damage.
The adder is heavily wounded.
You feel sick. The adder bites you.
You are lethally poisoned!
The adder poisons you!
You are too injured to fight recklessly!
You hit the adder.
You kill the adder!
* * * LOW HITPOINT WARNING * * *
You feel very sick.
Your Polearms skill increases to level 4!
You have reached level 4!
You feel stronger.
You hit the rat but do no damage.
* * * LOW HITPOINT WARNING * * *
You feel sick. The rat bites you.
* * * LOW HITPOINT WARNING * * *
You are too injured to fight recklessly!
You are too injured to fight recklessly!
You are too injured to fight recklessly!
You are too injured to fight recklessly!
You closely miss the rat.
* * * LOW HITPOINT WARNING * * *
You feel sick. The rat barely misses you.
Unknown command.
You barely miss the rat. You tail-slap the rat.
You kill the rat!
* * * LOW HITPOINT WARNING * * *
You feel sick.
You barely miss the orc.
* * * LOW HITPOINT WARNING * * *
You feel sick. The orc barely misses you.
You hit the orc but do no damage.
* * * LOW HITPOINT WARNING * * *
You feel sick. The orc barely misses you.
You closely miss the orc.
* * * LOW HITPOINT WARNING * * *
You feel sick. The orc hits you with a +0 hand axe.
You die...

### ####### #<# #.....# #.#
##+###.# #.# #≈.≈≈#.# #.#
###≈.♣.'.### #.#
#.'.♣.≈#...# #.# ######
#.#≈≈.≈#...# #.# #....#
#@###'##...# #.#
######.)..#####o##.......#
#.#
...........o..ro##.......###
#.#
.........................†>#
#.#
#..............###.......#.#
#.# ..####.........#
#########.# #.# .
#.........# #.# #.#
..#..#.....# #.# #.#
.#.#..#.##### #.###.#


You could see an orc wizard (invisible), an orc and a quokka.

Vanquished Creatures
  3 adders
  A worm (D:2)
  A dart slug (D:3)
  An orc (D:3)
  4 endoplasms
  2 giant cockroaches
  A goblin (D:1)
  4 hobgoblins
  4 jackals (D:2)
  3 quokkas
  2 ball pythons
  4 bats
  3 frilled lizards
  A kobold (D:1)
  5 rats
39 creatures vanquished.

Notes
Turn   | Place    | Note
-------+----------+-------------------------------------------
     0 | D:1      | HAL9000 the Palentonga Warper began the quest for the Orb.
     0 | D:1      | Reached XP level 1. HP: 17/17 MP: 3/3
    72 | D:1      | Reached skill level 2 in Polearms
   392 | D:1      | Reached XP level 2. HP: 23/23 MP: 5/5
  1079 | D:2      | Reached skill level 3 in Polearms
  1518 | D:2      | Reached XP level 3. HP: 28/28 MP: 6/6
  1618 | D:2      | Learned a level 2 spell: Blink
  2092 | D:3      | Reached skill level 4 in Polearms
  2092 | D:3      | Reached XP level 4. HP: 10/35 MP: 7/7
  2097 | D:3      | Slain by an orc

Illustrated notes

Levels and vault maps discovered:
D:1:      dpeg_arrival_shelter, layout_loops_ring, minmay_tall_x
D:2:      layout_rooms
D:3:      layout_basic, kennysheep_generic_room_14

Skill      XL: |  1  2  3 |
---------------+----------+-----
Polearms       | 2 3 4 |  4.0
Fighting       | |  2.0
Throwing       | |  0.6
Armour         | |  0.7
Dodging        | |  1.5
Spellcasting   | |  2.0
Translocations | |  3.0

Action                   |  1- 3 |  4- 6 || total
-------------------------+-------+-------++-------
Melee: Spear             |   183 |     6 ||   189
       Tailslap          |    17 |     1 ||    18
 Abil: Rolling Charge    |     1 |       ||     1
  Use: Scroll            |     2 |       ||     2
       Potion            |     1 |       ||     1
Armor: Leather armour    |    73 |       ||    73
Dodge: Dodged            |    80 |     3 ||    83

Table legend: (Time is in decaauts)
 A = Elapsed time spent in this place.
 B = Non-inter-level travel time spent in this place.
 C = Inter-level travel time spent in this place.
 D = Time resting spent in this place.
 E = Time spent auto-exploring this place.
 F = Levels seen in this place.
 G = Mean time per level.
                   A        B        C        D        E       F      G
               +--------+--------+--------+--------+--------+-----+--------+
         Total |   2087 |   2038 |     49 |    415 |   1344 |   3 |  695.7 |
       Dungeon |   2087 |   2038 |     49 |    415 |   1344 |   3 |  695.7 |
               +--------+--------+--------+--------+--------+-----+--------+

Top non-repeatable levels by time:
     D:1: 1004 daAuts
     D:2: 921 daAuts
     D:3: 161 daAuts
